 Dungeon Crawl Stone Soup version 0.17-a0-1093-g0b3cd89 (webtiles) character file.

14912 TooMuchSwag the Severer (level 11, -1/83 HPs)
             Began as a Minotaur Berserker on May 20, 2015.
             Was a Follower of Makhleb.
             Hit by a large rock thrown by a cyclops (33 damage)
             ... on level 11 of the Dungeon.
             The game lasted 00:25:15 (10780 turns).

TooMuchSwag the Severer (Minotaur Berserker)       Turns: 10780, Time: 00:25:15

Health: -1/83      AC: 17    Str: 22    XL:     11   Next: 94%
Magic:  0/19       EV:  8    Int:  5    God:    Makhleb [*.....]
Gold:   683        SH:  0    Dex: 12    Spells: 0 memorised, 10 levels left

rFire  . . .     SeeInvis .     s - +4 executioner's axe (flame)
rCold  . . .     Clarity  .     y - +0 plate armour
rNeg   . . .     SustAb   .     (no shield)
rPois  .         Gourm    .     (helmet restricted)
rElec  .         Spirit   +     E - +0 cloak
rCorr  .         Warding  .     (no gloves)
rMut   .         Stasis   .     (no boots)
MR     .....                    v - amulet of guardian spirit
Stlth  ..........               g - ring of magical power
                                e - +5 ring of evasion

@: not resistant to hostile enchantments, extremely unstealthy
A: retaliatory headbutt, horns 2, mutation resistance 1
a: Renounce Religion


You were on level 11 of the Dungeon.
You worshipped Makhleb.
Makhleb was aware of your devotion.
You were not hungry.

You visited 1 branch of the dungeon, and saw 11 of its levels.
You also visited: Sewer.

You collected 788 gold pieces.
You spent 105 gold pieces at shops.

Inventory:

Hand weapons
 q - a +1 longbow of freezing
 s - a +4 executioner's axe of flaming (weapon)
Missiles
 I - 28 bolts
Armour
 y - a +0 plate armour (worn)
 E - a +0 cloak (worn)
 U - a troll hide
Jewellery
 e - a +5 ring of evasion (left hand)
 g - a ring of magical power (right hand)
 k - an uncursed ring of ice {unknown}
 m - an uncursed ring of see invisible
 v - an amulet of guardian spirit (around neck)
 X - an uncursed amulet of stasis
Magical devices
 P - a wand of fireball (6)
Scrolls
 d - 5 scrolls of identify
 o - 6 scrolls of remove curse
 r - a scroll of amnesia
 t - a scroll of recharging {unknown}
 w - a scroll of immolation
 x - a scroll of fog {unknown}
 F - a scroll of noise
 H - 2 scrolls of magic mapping {unknown}
 O - a scroll of fear
 Q - a scroll of vulnerability {unknown}
 W - a scroll of holy word {unknown}
Potions
 b - a potion of lignification {unknown}
 h - 4 potions of curing
 i - a potion of ambrosia {unknown}
 n - 4 potions of heal wounds
 z - 2 potions of brilliance
 B - a potion of might
 C - 6 potions of flight
 D - 2 potions of agility
 S - a potion of magic
Books
 f - a Necronomicon {highlevel, unknown}

   This book is beyond your current level of understanding.

   Spells                             Type                      Level
   a - Haunt                          Necromancy/Summoning         7
   b - Borgnjor's Revivification      Necromancy                   8
   c - Death's Door                   Charms/Necromancy            8
   d - Necromutation                  Transmutation/Necromancy     8
 L - a book of Party Tricks

   Spells                             Type                      Level
   a - Summon Butterflies             Summoning                    1
   b - Apportation                    Translocation                1
   c - Tukima's Dance                 Hexes                        3
   d - Alistair's Intoxication        Transmutation/Poison         4
   e - Invisibility                   Hexes                        6
Comestibles
 a - 4 chunks of flesh
 c - 6 bread rations
 j - 2 royal jellies
 l - 4 meat rations
 p - 11 slices of pizza
 u - 8 beef jerkies
 K - 3 fruits


   Skills:
 - Level 3.7 Fighting
 * Level 17.9 Axes
 + Level 13.0 Armour
 - Level 2.1 Dodging


You had 10 spell levels left.
You didn't know any spells.

Dungeon Overview and Level Annotations

Branches:
Dungeon (11/15)            Temple (0/1) D:5            Lair (0/8) D:8
    Orc (0/4) D:11

Altars:
Dithmenos
Elyvilon
Makhleb
Nemelex Xobeh
Yredelemnul
Zin
The Shining One

Shops:
D:5 ?

Annotations:
D:8 exclusion: door


Innate Abilities, Weirdness & Mutations

You reflexively headbutt those who attack you in melee.
You have a pair of horns on your head.
You are somewhat resistant to further mutation.


Message History

The polar bear is severely wounded.
The polar bear bites you but does no damage.
The polar bear barely misses you. The polar bear closely misses you.
You chop the polar bear into pieces!!! You burn the polar bear!
You kill the polar bear!
That felt strangely unrewarding.
No target in view!
No target in view!
There is an open door, spattered with blood here.
Things that are here:
a dire flail of protection; a ring mail There isn't anything to butcher here.
There isn't anything to butcher here.
There isn't anything to butcher here.
Okay, then.
A cyclops comes into view.
The cyclops shouts!
There is a stone staircase leading up here.
The cyclops throws a large rock.
The large rock hits you!!!
You die...

#.######### #.#..
###........# #..#.
#........#.# #...#
#.######.# #..#.
##)#....#.# #.#..
#.(.......# #.#..
#.........# # #.#..
#.........#'##########..#.
##'#.....@...............#
#.#.####....##...###...#.
#.#.. ........#.#...#.#..
#.#######......#.....#...
#.. +.....#.#...#.#..
#...##...###...#.
#C..a...........#
+...#########..#. #..
#.#..


You could see a cyclops and a worker ant (wandering).

Vanquished Creatures
  Harold (D:11)
  2 hydras
  A tengu warrior (D:8)
  The ghost of onwiheg the Fencer, a powerful VSFi of Trog (D:11)
  An unseen horror (D:11)
  Pikel (D:4)
  2 hill giants (D:10)
  2 ugly things
  A gargoyle (D:10)
  An efreet (D:8)
  2 polar bears (D:11)
  2 trolls
  A two-headed ogre (D:8)
  A human (D:9)
  3 wyverns
  2 deep elf magi
  A deep elf fighter (D:8)
  2 hungry ghosts
  9 yaks
  Menkaure (D:7)
  2 hippogriffs
  A mottled dragon (D:11)
  2 black bears (D:11)
  2 water moccasins (D:10)
  2 eyes of draining
  3 sky beasts
  4 orc warriors
  A necrophage (D:10)
  An ice beast (D:9)
  5 ogres
  4 centaurs
  2 crocodiles (D:8)
  4 big kobolds
  5 giant frogs
  2 scorpions
  3 killer bees (D:9)
  An electric eel (D:11)
  5 wights
  3 crimson imps
  A centaur zombie (D:7)
  A giant frog zombie (D:10)
  7 hounds
  A human zombie (D:6)
  A giant frog skeleton (D:5)
  8 jellies
  7 orc wizards
  6 orc priests
  A centaur skeleton (D:11)
  An iguana (D:10)
  Jessica (D:3)
  5 worker ants
  4 sheep (D:9)
  A hound zombie (D:5)
  A hound skeleton (D:8)
  2 worker ant zombies
  5 adders
  4 shadow imps
  An adder skeleton (D:6)
  2 worms
  3 giant geckos
  31 orcs
  25 bats
  3 goblins
  16 hobgoblins
  41 kobolds
  6 quokkas
  6 ball pythons
  4 giant cockroaches
  A giant gecko skeleton (D:7)
  4 giant newts
  8 jackals
  A jackal skeleton (D:7)
  A kobold zombie (D:6)
  20 rats
  2 plants (D:8)
321 creatures vanquished.

Vanquished Creatures (others)
  A hill giant (D:8)
  2 yaks (D:11)
  A giant frog (D:4)
  A hound (D:6)
  A worker ant (D:4)
  An adder skeleton (D:8)
  An orc (D:4)
  A bat skeleton (D:4)
  A kobold (D:11)
  A giant newt (D:4)
  A quokka skeleton (D:4)
  2 rats
  A plant (D:11)
15 creatures vanquished.

Grand Total: 336 creatures vanquished

Notes
Turn   | Place    | Note
--------------------------------------------------------------
     0 | D:1      | TooMuchSwag the Minotaur Berserker began the quest for the Orb.
     0 | D:1      | Reached XP level 1. HP: 19/19 MP: 0/0
   330 | D:1      | Reached skill level 4 in Axes
   431 | D:1      | Reached XP level 2. HP: 27/27 MP: 1/1
  1305 | D:2      | Acquired Trog's second power
  1305 | D:2      | Reached XP level 3. HP: 33/33 MP: 2/2
  1583 | D:2      | Reached skill level 5 in Axes
  2236 | D:3      | Reached XP level 4. HP: 40/40 MP: 3/3
  2553 | D:3      | Found a sparkling altar of Nemelex Xobeh.
  2553 | D:3      | Noticed Jessica
  2556 | D:3      | Killed Jessica
  2556 | D:3      | Reached skill level 6 in Axes
  2599 | D:4      | Reached XP level 5. HP: 42/46 MP: 4/4
  2658 | D:4      | Reached skill level 7 in Axes
  2749 | D:4      | Noticed Pikel
  2750 | D:4      | Noticed a slave
  2750 | D:4      | Noticed a slave
  2751 | D:4      | Noticed a slave
  2755 | D:4      | Killed Pikel
  2755 | D:4      | Reached skill level 9 in Axes
  2755 | D:4      | Reached skill level 5 in Armour
  2755 | D:4      | Reached XP level 6. HP: 50/52 MP: 2/5
  2755 | D:4      | Reached XP level 7. HP: 55/58 MP: 2/6
  2756 | D:4      | Noticed a freed slave
  2989 | D:4      | Killed a giant frog
  3093 | D:4      | Found a glowing drain.
  3258 | Sewer    | Entered a sewer
  3378 | Sewer    | Gained mutation: You are somewhat resistant to further mutation. [potion of beneficial mutation]
  3754 | D:5      | Entered Level 5 of the Dungeon
  3798 | D:5      | Found a glowing silver altar of Zin.
  3800 | D:5      | Found a basalt altar of Yredelemnul.
  3803 | D:5      | Found a shadowy altar of Dithmenos.
  3865 | D:5      | Found a staircase to the Ecumenical Temple.
  3870 | D:5      | Found a sparkling altar of Nemelex Xobeh.
  4129 | D:5      | Acquired Trog's third power
  4228 | D:5      | Found Jecea's Magic Scroll Shop.
  4234 | D:5      | Bought a scroll of blinking for 105 gold pieces
  4253 | D:5      | Reached XP level 8. HP: 60/66 MP: 5/7
  4254 | D:5      | Reached skill level 10 in Axes
  4795 | D:6      | Found a runed door.
  4799 | D:6      | Found a basalt altar of Yredelemnul.
  5058 | D:6      | Reached skill level 11 in Axes
  5528 | D:7      | Noticed Menkaure
  5675 | D:7      | Killed Menkaure
  5744 | D:7      | Found a white marble altar of Elyvilon.
  5925 | D:7      | Reached XP level 9. HP: 71/71 MP: 8/8
  5930 | D:7      | Noticed a troll
  5935 | D:7      | Killed a troll
  5935 | D:7      | Reached skill level 12 in Axes
  6403 | D:8      | Found a burning altar of Makhleb.
  6516 | D:8      | Found a glowing golden altar of the Shining One.
  6585 | D:8      | Reached skill level 13 in Axes
  6612 | D:8      | Noticed a tengu warrior
  6624 | D:8      | Killed a tengu warrior
  6754 | D:8      | Noticed a hill giant
  6755 | D:8      | Noticed a seven-headed hydra
  6755 | D:8      | Noticed an efreet
  6756 | D:8      | Noticed a white ugly thing
  6803 | D:8      | Killed a hill giant
  7004 | D:8      | Reached XP level 10. HP: 62/78 MP: 7/9
  7035 | D:8      | Reached skill level 14 in Axes
  7035 | D:8      | Reached skill level 10 in Armour
  7176 | D:8      | Found a staircase to the Lair.
  7267 | D:8      | Killed a white ugly thing
  7267 | D:8      | Received a gift from Trog
  7375 | D:8      | Killed a six-headed hydra
  7619 | D:8      | Killed an efreet
  7619 | D:8      | Reached skill level 15 in Axes
  7751 | D:9      | Found a sparkling altar of Nemelex Xobeh.
  8594 | D:10     | Entered Level 10 of the Dungeon
  8624 | D:10     | Noticed a hill giant
  8632 | D:10     | Killed a hill giant
  8654 | D:10     | Reached skill level 16 in Axes
  8654 | D:10     | Reached XP level 11. HP: 62/83 MP: 10/10
  8894 | D:10     | Noticed an eight-headed hydra
  8900 | D:10     | Killed a four-headed hydra
  8983 | D:10     | Noticed a hill giant
  8986 | D:10     | Killed a hill giant
  8986 | D:10     | Received a gift from Trog
  9676 | D:8      | Fell from the grace of Trog
  9676 | D:8      | Became a worshipper of Makhleb the Destroyer
  9754 | D:11     | Found a staircase to the Orcish Mines.
  9761 | D:11     | Reached skill level 17 in Axes
  9901 | D:11     | Killed an unseen horror
 10434 | D:11     | Noticed onwiheg's ghost (powerful VSFi)
 10442 | D:11     | Killed onwiheg's ghost
 10527 | D:11     | Acquired Makhleb's first power
 10756 | D:11     | Noticed Harold
 10769 | D:11     | Killed Harold
 10780 | D:11     | Hit by a large rock thrown by a cyclops

Vault maps used:
D:1:      dpeg_arrival_arbitrary_b, kennysheep_boxes
D:2:      first_bread
D:3:      nemelex_lonely_heart_becter
D:4:      portal_sewer_entry_e, uniq_pikel
D:5:      minmay_overflow_temple_star_quad, temple_statues, basic_altar,
          serial_shops, shop
D:6:      dk_yredelemnul_ordeal
D:7:      elyvilon_altar_4, uniq_menkaure
D:8:      hangedman_cross_veins, overflow_temple_1_default,
          nicolae_tso_carved_into_rock, grunt_lair_entry_elf_guard_hut
D:9:      nemelex_deck, grunt_livestock, kennysheep_cluttered_room
D:10:     lemuel_jelly_drop
D:11:     orc_0_dummy, serial_bayou_pond_b, nicolae_twisting_strands,
          uniq_harold
Sewer:    kennysheep_pipe_town

Action                   |  1- 3 |  4- 6 |  7- 9 | 10-12 || total
-------------------------+-------+-------+-------+-------++-------
Melee: Hand axe          |    91 |    11 |       |       ||   102
       War axe           |       |    36 |   287 |       ||   323
       Battleaxe         |       |       |    25 |    33 ||    58
       Executioner's axe |       |       |       |   243 ||   243
Invok: Berserk           |       |     1 |     4 |     4 ||     9
  Use: Scroll            |       |       |    16 |     5 ||    21
       Potion            |       |       |     2 |     2 ||     4
  Eat: Chunk             |     4 |     2 |    19 |    16 ||    41
